 Dungeon Crawl Stone Soup version 0.32-a0-900-g30fb1b0edc (webtiles) character file.

Game seed: 14021000067510054116

67 Ruich the Ruffian (level 4, -23/60 HPs)
             Began as a Draconian Chaos Knight on Apr 6, 2024.
             Was a Plaything of Xom.
             Killed by an exploding river rat (25 damage)
             ... ignited by their inner flame
             ... in a sewer.
             The game lasted 00:03:38 (1051 turns).

Ruich the Ruffian (Draconian Chaos Knight)          Turns: 1051, Time: 00:03:39

Health: -23/60     AC:  5    Str: 14    XL:     4   Next: 0%
Magic:  4/4        EV: 11    Int: 12    God:    Xom [..*...]
Gold:   50         SH:  5    Dex: 13    Spells: 3/3 levels left

rFire   . .          .
                       - Unarmed
rCold   + . .        (no shield)
rNeg    . . .        (body armour unavailable)
rPois   .            (helmet restricted)
rElec   .            (no cloak)
rCorr   .            (no gloves)
SInv    .            (no boots)
Will    .....        b - amulet of reflection Stlth
                     c - ring of protection from cold
HPRegen 0.30/turn    (no ring)
MPRegen 0.09/turn

%: reflection
@: mighty, berserking, attractive, very quick
A: AC +5, unfitting armour, cold-blooded, mutation resistance 1
a: Renounce Religion


You were in a sewer.
You worshipped Xom.
You were a toy of Xom.
You visited 1 branch of the dungeon, and saw 3 of its levels.
You also visited: Sewer.

You collected 50 gold pieces.


Innate Abilities, Weirdness & Mutations

Your plain brown scales are hard. (AC +5)
You cannot fit into any form of body armour.
You are cold-blooded and may be slowed by cold attacks.
You are somewhat resistant to further mutation.


   Skills:
 + Level 3.9 Fighting
 + Level 2.7 Dodging
 * Level 4.1 Unarmed Combat


You had 3 spell levels left.
You didn't know any spells.
Your spell library contained the following spells:

 Spells                   Type           Power      Damage    Failure   Level
 Hailstorm                Conj/Ice       0%         3d5       69%         3
 Summon Ice Beast         Ice/Summ       0%         N/A       69%         3
 Permafrost Eruption      Ice/Erth       0%         2x4d1     100%        6
 Sculpt Simulacrum        Ice/Alch       0%         N/A       100%        6

Inventory:

Magical Staves
 g - a staff of conjuration {!a}
Jewellery
 b - an amulet of reflection (around neck)
 c - a ring of protection from cold (left hand)
Scrolls
 a - a scroll of butterflies
 d - 2 scrolls of identify {@r1}
 f - 2 scrolls of immolation
Potions
 i - a potion of curing {@q1}

Dungeon Overview and Level Annotations

Branches:
Dungeon (3/15) Zot: 16974   Sewer (1/1) Zot: 5980

Altars:

Shops:
D:2

: ####
##~..#
~~~...
#..~.
r§.#
##§§#
#@§§#
#§§##
#§§#
#∩∩#
#~.#
#~.#
#~.~
##~~#
~.~


You could see a rat (inner flame).


Message History

* * * LOW HITPOINT WARNING * * *
The river rat bites you.
* * * LOW HITPOINT WARNING * * *
The river rat barely misses you. The rat bites you but does no damage.
Unknown command.
Unknown command.
Unknown command.
Unknown command.
It was a potion of mutation.
You feel extremely strange.
You feel genetically stable. Xom smiles on you.
A red film seems to cover your vision as you go berserk!
You feel yourself moving faster!
You feel mighty!
The river rat bites you but does no damage. x2
You block the river rat's attack. The rat bites you but does no damage.
Unknown command.
Unknown command.
You punch the rat!
The rat explodes!
The fiery explosion engulfs you!
* * * LOW HITPOINT WARNING * * *
The fiery explosion engulfs the river rat!
The fiery explosion engulfs the river rat!!
The fiery explosion engulfs the rat!!
The rat explodes!
The fiery explosion engulfs the river rat!
The river rat explodes!
The fiery explosion engulfs you!!
You die...
Xom titters!

Skill      XL: |  1  2  3 |
---------------+----------+-----
Unarmed Combat | 4 |  4.1
Fighting       | |  3.9
Dodging        | |  2.7

Action                     |  1- 3 |  4- 6 || total
---------------------------+-------+-------++-------
  Melee: Unarmed           |   104 |    12 ||   116
         Tailslap          |    12 |     3 ||    15
         Punch             |     3 |     1 ||     4
    Use: Scroll            |       |     3 ||     3
         Potion            |       |     2 ||     2
   Stab: Sleeping          |     3 |       ||     3
 Armour: Skin              |    39 |    24 ||    63
  Dodge: Dodged            |    42 |    18 ||    60
  Block: Other             |    20 |     5 ||    25

Levels and vault maps discovered:
D:1:      onia_arrival_zoo_common, layout_basic
D:2:      layout_loops_ring, serial_shops, shop, uniq_crazy_yiuf_cottage
D:3:      layout_basic, general_overflow_altar, cheibrodos_sewer_entry_drain,
          uniq_terence
Sewer:    sewer_hellmonk_bad_rat

Notes
Turn   | Place    | Note
-------+----------+-------------------------------------------
     0 | D:1      | Ruich the Draconian Chaos Knight began the quest for the
                  | Orb.
     0 | D:1      | Reached XP level 1. HP: 19/19 MP: 1/1
     6 | D:1      | Noticed a brain worm
     6 | D:1      | Noticed a mana viper
     6 | D:1      | Noticed a scorpion
     7 | D:1      | Noticed a snapping turtle
     7 | D:1      | Noticed a swamp drake
   179 | D:1      | Reached XP level 2. HP: 25/26 MP: 2/2
   242 | D:1      | XOM: divination: magic mapping
   641 | D:2      | Reached XP level 3. HP: 23/33 MP: 3/3
   655 | D:2      | XOM: silly message
   703 | D:2      | Found Veakhluer's Book Emporium.
   820 | D:2      | Reached skill level 4 in Unarmed Combat
   821 | D:2      | XOM: silly message
   853 | D:2      | Identified the +0 robe of Moraa {^Drain rElec rN+ Str+2
                  | Archmagi}
   930 | D:2      | You fall into a shaft and drop 1 floor!
   978 | D:3      | XOM: divination: detect creatures
  1010 | D:3      | Found a glowing drain.
  1028 | D:3      | Reached XP level 4. HP: 38/40 MP: 4/4
  1031 | Sewer    | Entered a sewer
  1049 | Sewer    | XOM: potion effect (might)
  1050 | Sewer    | Gained mutation: You are somewhat resistant to further
                  | mutation. [potion of mutation]
  1050 | Sewer    | XOM: potion effect (berserk rage)
  1051 | Sewer    | HP: 2/60 [spore (11)]
  1051 | Sewer    | Killed by an exploding river rat... ignited by their inner
                  | flame

Vanquished Creatures
  3 adders (D:2)
  3 river rats (Sewer)
  2 dart slugs
  2 bats
  5 endoplasms
  2 giant cockroaches
  2 hobgoblins
  4 jackals (D:2)
  2 quokkas
  3 ball pythons
  2 frilled lizards
  2 goblins (D:1)
  2 kobolds
  6 rats
40 creatures vanquished.

Table legend: (Time is in decaauts)
 A = Elapsed time spent in this place.
 B = Non-inter-level travel time spent in this place.
 C = Inter-level travel time spent in this place.
 D = Time resting spent in this place.
 E = Time spent auto-exploring this place.
 F = Levels seen in this place.
 G = Mean time per level.
                   A        B        C        D        E       F      G
               +--------+--------+--------+--------+--------+-----+--------+
         Total |   1045 |    999 |     46 |     29 |    685 |   4 |  261.2 |
       Dungeon |   1025 |    979 |     46 |     29 |    685 |   3 |  341.7 |
         Sewer |     19 |     19 |      0 |      0 |      0 |   1 |   19.0 |
               +--------+--------+--------+--------+--------+-----+--------+

Top non-repeatable levels by time:
     D:1: 533 daAuts
     D:2: 390 daAuts
     D:3: 102 daAuts
   Sewer: 19 daAuts

Table legend:
 A = Non-vault XP
 B = Vault XP
 C = Vault XP percentage of total XP
 D = Non-vault monster count
 E = Vault monster count
 F = Vault count percentage of total count
                 A         B        C        D         E       F
            +---------+---------+-------+---------+---------+-------
      Total |      93 |      45 |  32.6 |      32 |       8 |  20.0
            +---------+---------+-------+---------+---------+-------
        D:1 |      24 |       0 |   0.0 |      14 |       0 |   0.0
        D:2 |      62 |       0 |   0.0 |      14 |       0 |   0.0
        D:3 |       7 |       4 |  36.4 |       4 |       3 |  42.9
      Sewer |       0 |      41 | 100.0 |       0 |       5 | 100.0
            +---------+---------+-------+---------+---------+-------
